 Dungeon Crawl Stone Soup version 0.28-a0-627-g4e9751bbfc (webtiles) character file.

Game seed: 8407753886902577593

11862 fkmle the Covert (level 11, -3/51 (54) HPs)
             Began as a Spriggan Enchanter on Oct 8, 2021.
             Was a Priest of Dithmenos.
             Killed by divine providence
             ... invoked by an orc priest
              (15 damage)
             ... on level 11 of the Dungeon.
             The game lasted 00:32:31 (14247 turns).

fkmle the Covert (Spriggan Enchanter)              Turns: 14247, Time: 00:32:32

HP:   -3/51 (54)    AC:  6    Str:  7    XL:     11   Next: 54%
MP:   23/36         EV: 20    Int: 16    God:    Dithmenos [***...]
Gold: 536           SH:  0    Dex: 17    Spells: 24/32 levels left

rFire   . . .      SeeInvis +   d - +3 short sword (elec)
rCold   . . .      Faith    .   (shield restricted)
rNeg    . . .      Spirit   .   n - +2 troll leather armour
rPois   .          Reflect  .   (helmet restricted)
rElec   .          Harm     .   (no cloak)
rCorr   .          Rampage  .   (gloves unavailable)
Will    +....                   (boots unavailable)
Stlth   +++++++...              u - amulet of regeneration
HPRegen 2.17/turn               l - ring of wizardry
MPRegen 0.25/turn               a - ring of magical power

@: about to teleport, wreathed by umbra, drained, very quick
A: very small, no large weapons, unfitting armour, see invisible, speed 3
a: Renounce Religion, Shadow Step


You were on level 11 of the Dungeon.
You worshipped Dithmenos.
Dithmenos was most pleased with you.
You visited 2 branches of the dungeon, and saw 12 of its levels.

You collected 536 gold pieces.

Inventory:

Hand Weapons
 d - a +3 short sword of electrocution (weapon)
 k - a +1 short sword of holy wrath
Missiles
 q - 5 atropa-tipped darts (quivered)
 t - 5 curare-tipped darts
 v - a throwing net
Armour
 n - a +2 troll leather armour (worn)
 p - the +2 ratskin cloak {*Rats rPois rN+ Str-1 Int-1 Dex+1}
   (You found it on level 6 of the Dungeon)

   When the wearer is hurt, rats may emerge from it to assist them.
   Str:       It affects your strength (-1).
   Int:       It affects your intelligence (-1).
   Dex:       It affects your dexterity (+1).
   rPois:     It protects you from poison.
   rN:        It protects you from negative energy.
Jewellery
 a - a ring of magical power (right hand)
 l - a ring of wizardry (left hand)
 r - a ring of wizardry
 u - an amulet of regeneration (around neck)
 y - a ring of flight
 A - a ring of fire
 C - a +6 ring of intelligence
Scrolls
 f - 3 scrolls of teleportation
 i - 2 scrolls of brand weapon
 w - 3 scrolls of identify
 x - a scroll of fear
 z - a scroll of silence
 B - 2 scrolls of immolation
Potions
 c - a potion of lignification
 e - 2 potions of resistance
 g - a potion of brilliance
 h - 2 potions of flight
 j - a potion of heal wounds
 m - a potion of curing
 o - a potion of cancellation
 s - 2 potions of invisibility


   Skills:
 + Level 4.3 Fighting
 + Level 5.9 Short Blades
 + Level 4.9 Armour
 + Level 7.5 Dodging
 + Level 11.9 Stealth
 + Level 11.1 Spellcasting
 + Level 11.3 Hexes


You had 24 spell levels left.
You knew the following spells:

 Your Spells              Type           Power      Damage    Failure   Level
a - Ensorcelled Hibernat  Hex/Ice        54%        N/A       1%          2
b - Tukima's Dance        Hex            45%        N/A       1%          3
c - Dazzling Flash        Conj/Hex       54%        N/A       1%          3

Your spell library contained the following spells:

 Spells                   Type           Power      Damage    Failure   Level
 Confusing Touch          Hex            45%        N/A       1%          3
 Portal Projectile        Hex/Tloc       54%        N/A       1%          3
 Animate Skeleton         Necr           16%        N/A       4%          1
 Pain                     Necr           32%        1d5       4%          1
 Leda's Liquefaction      Hex/Erth       13%        N/A       4%          4
 Call Canine Familiar     Summ           8%         N/A       14%         3
 Gell's Gravitas          Tloc           4%         N/A       14%         3
 Teleport Other           Tloc           8%         N/A       14%         3
 Vampiric Draining        Necr           4%         2d6       14%         3
 Dispersal                Tloc           4%         N/A       99%         6


Dungeon Overview and Level Annotations

Branches:
Dungeon (11/15)            Temple (1/1) D:7            Lair (0/6) D:9
    Orc: D:9-12

Altars:
Ashenzari
Cheibriados
Dithmenos
Elyvilon
Fedhas
Gozag
Hepliaklqana
Kikubaaqudgha
Makhleb
Nemelex Xobeh
Okawaru
Qazlal
Ru
Sif Muna
Trog
Uskayaw
Vehumet
Wu Jian
Xom
Yredelemnul
Zin

Shops:
D:1 *   D:3 [   D:8 =

Annotations:
D:9 1 runed translucent door, Heedrag's ghost, journeyman MiFi
D:11 Nergalle


Innate Abilities, Weirdness & Mutations

You are very small and have problems with some larger weapons.
You are too small for most types of armour.
You have supernaturally acute eyesight. (SInv)
You cover ground extremely quickly. (Speed+++)


Message History

The molten gargoyle easily resists.
The molten gargoyle blasts magma at you!
The bolt of magma hits you!
Casting: Tukima's Dance (safe; 1% risk of failure)
Confirm with . or Enter, or press ? or * to list all spells.
Aiming: Tukima's Dance (safe; 1% risk of failure)
Press: ? - help, Shift-Dir - straight line, f/p - molten gargoyle
Aim: a molten gargoyle, wielding a +0 morningstar of flaming (umbra, chance to affect: 35%) Nergalle easily resists.
Nergalle misses you.
Unknown command.
Casting: Tukima's Dance (safe; 1% risk of failure)
Confirm with . or Enter, or press ? or * to list all spells.
Aiming: Ensorcelled Hibernation (safe; 1% risk of failure)
Press: ? - help, Shift-Dir - straight line, f - Nergalle, p - molten gargoyle
Aim: Nergalle, wielding a +0 dagger and wearing a +0 robe (umbra, chance to affect: 23%) Nergalle resists with almost no effort.
The orc priest calls down the wrath of Beogh upon you.
Beogh smites you!
Unknown command.
Casting: Ensorcelled Hibernation (safe; 1% risk of failure)
Confirm with . or Enter, or press ? or * to list all spells.
Aiming: Ensorcelled Hibernation (safe; 1% risk of failure)
Press: ? - help, Shift-Dir - straight line, f/p - Nergalle
Aim: Nergalle, wielding a +0 dagger and wearing a +0 robe (umbra, chance to affect: 23%) Nergalle resists with almost no effort.
Nergalle hits you with a +0 dagger.
Casting: Ensorcelled Hibernation (safe; 1% risk of failure)
Confirm with . or Enter, or press ? or * to list all spells.
Aiming: Ensorcelled Hibernation (safe; 1% risk of failure)
Press: ? - help, Shift-Dir - straight line, f/p - Nergalle
Aim: Nergalle, wielding a +0 dagger and wearing a +0 robe (umbra, chance to affect: 23%) Nergalle resists with almost no effort.
Nergalle points at you and mumbles some strange words.
The bolt of negative energy hits you!!
You feel drained.
* * * LOW HITPOINT WARNING * * *
As you read the scroll of teleportation, it crumbles to dust.
You feel strangely unstable. Nergalle hits you but does no damage.
Unknown command.
The orc priest calls down the wrath of Beogh upon you.
Beogh smites you!
You die...

#......#######..# #...
#......+........# #...
#......########.# #... ###
##.##### ###'## #... ...... #.#
#....# #... )...... #.# #....#
#... ....... ### #(...# #...
......(#############....# ####
..≈.≈....9o9.o@.........#######
.........o9###.......<........#
.≈≈....^...# #....≈≈≈≈≈≈≈.....#
........o..###....≈≈≈≈≈≈≈.....#
(..#.#$#9#.#.#.....≈≈≈≈≈.....#
#.#.#9#.#.#................#
.#...≈§≈...#..#####........#
#.o≈§§≈≈≈.#...# ##########
≈.#.≈≈§≈≈9§.#..#


You could see Nergalle, 3 molten gargoyles, an orc priest and an orc wizard.

Vanquished Creatures
  A centaur warrior (D:11)
  A cyclops (D:10)
  An unseen horror (D:11)
  A troll (D:11)
  A hornet (D:9)
  3 wyverns
  26 yaks
  6 vampire mosquitoes (D:11)
  A basilisk (D:9)
  2 steam dragons
  4 water moccasins (D:9)
  2 necrophages
  4 orc warriors
  2 ice beasts
  5 ogres
  A sky beast (D:5)
  2 centaurs
  2 kobold brigands
  3 bullfrogs
  2 scorpions
  A wyvern zombie (D:7)
  A water moccasin skeleton (D:6)
  4 killer bees (D:9)
  6 wights
  5 centaur zombies
  2 jellies
  3 orc priests
  2 centaur skeletons (D:7)
  3 gnoll shamans
  10 hell rats (D:6)
  A scorpion zombie (D:5)
  An iguana (D:6)
  19 orc wizards
  Robin (D:3)
  A howler monkey zombie (D:7)
  9 adders
  14 gnolls
  18 river rats (D:6)
  A shadow imp (D:6)
  2 ufetubi
  An adder skeleton (D:4)
  2 worms (D:2)
  10 dart slugs
  27 orcs
  5 ball pythons
  8 endoplasms
  2 giant cockroaches
  6 goblins
  5 hobgoblins
  6 jackals
  8 kobolds
  3 quokkas
  3 bats (D:3)
  5 frilled lizards
  A rat (D:1)
  A spectral orc (D:8)
267 creatures vanquished.

Vanquished Creatures (collateral kills)
  2 wights
  An orc priest (D:8)
  An orc (D:4)
  A kobold (D:4)
5 creatures vanquished.

Vanquished Creatures (others)
  5 dancing weapons
  A bush (D:9)
  4 fungi (D:9)
  24 plants
34 creatures vanquished.

Grand Total: 306 creatures vanquished

Notes
Turn   | Place    | Note
-------+----------+-------------------------------------------
     0 | D:1      | fkmle the Spriggan Enchanter began the quest for the Orb.
     0 | D:1      | Reached XP level 1. HP: 9/9 MP: 5/5
     8 | D:1      | Noticed an ogre
    67 | D:1      | Found Rariqyneo's General Store.
  1093 | D:1      | Reached XP level 2. HP: 13/13 MP: 7/7
  1211 | D:1      | Learned a level 2 spell: Ensorcelled Hibernation
  2281 | D:2      | Reached XP level 3. HP: 16/16 MP: 9/9
  2290 | D:2      | Learned a level 3 spell: Tukima's Dance
  2294 | D:2      | Learned a level 3 spell: Dazzling Flash
  3150 | D:3      | Found Akhliraiw's Antique Armour Shop.
  3182 | D:3      | Found an ancient bone altar of Kikubaaqudgha.
  3206 | D:3      | Reached XP level 4. HP: 9/21 MP: 8/11
  3470 | D:3      | Reached skill level 5 in Hexes
  4074 | D:3      | Noticed Robin
  4093 | D:3      | Killed Robin
  4469 | D:3      | Found an opulent altar of Gozag.
  4525 | D:4      | Noticed an ogre
  4540 | D:3      | Reached XP level 5. HP: 20/24 MP: 4/13
  4649 | D:4      | Noticed an ogre
  4657 | D:4      | Killed an ogre
  4658 | D:4      | Reached skill level 5 in Spellcasting
  4804 | D:4      | Noticed a necrophage
  4819 | D:4      | Killed a necrophage
  4820 | D:4      | Reached XP level 6. HP: 9/28 MP: 16/16
  5379 | D:4      | Found a hide-covered altar of Uskayaw.
  5488 | D:4      | Reached XP level 7. HP: 10/32 MP: 7/18
  6058 | D:5      | Entered Level 5 of the Dungeon
  6674 | D:5      | Reached skill level 5 in Stealth
  7123 | D:5      | Identified a scroll of acquirement
  7123 | D:5      | Acquired a +1 troll leather armour
  7981 | D:6      | Reached skill level 1 in Armour
  7981 | D:6      | Reached XP level 8. HP: 36/36 MP: 20/20
  8099 | D:6      | Found a sparkling altar of Nemelex Xobeh.
  8824 | D:6      | Found the +2 ratskin cloak {*Rats rPois rN+ Str-1 Int-1
                  | Dex+1}
  9270 | D:6      | Reached XP level 9. HP: 25/39 MP: 22/22
  9508 | D:7      | Found a staircase to the Ecumenical Temple.
  9525 | Temple   | Entered the Ecumenical Temple
  9626 | Temple   | Became a worshipper of Dithmenos the Shadowed
  9823 | D:7      | Reached skill level 1 in Fighting
 10107 | D:7      | Found a shimmering blue altar of Sif Muna.
 10341 | D:8      | Reached * piety under Dithmenos
 10798 | D:8      | Reached skill level 10 in Hexes
 10809 | D:8      | Reached XP level 10. HP: 30/47 MP: 17/24
 10924 | D:8      | Reached skill level 5 in Dodging
 11114 | D:8      | Found a basalt altar of Yredelemnul.
 11154 | D:8      | Found Deimutabb's Jewellery Shoppe.
 11374 | D:9      | Reached skill level 10 in Stealth
 11472 | D:9      | Found a broken altar of Ashenzari.
 11480 | D:9      | Reached skill level 10 in Spellcasting
 11666 | D:9      | Reached ** piety under Dithmenos
 11748 | D:9      | Found a staircase to the Lair.
 12099 | D:9      | Found a radiant altar of Vehumet.
 12224 | D:9      | Reached skill level 5 in Short Blades
 12228 | D:9      | Reached XP level 11. HP: 24/53 MP: 22/26
 12453 | D:9      | Found a runed translucent door.
 12454 | D:9      | Found a shimmering altar of Xom.
 12454 | D:9      | Noticed Heedrag's ghost (journeyman MiFi)
 12454 | D:9      | Noticed a +2 scimitar of chaos
 12624 | D:10     | Entered Level 10 of the Dungeon
 13296 | D:10     | Reached *** piety under Dithmenos
 13586 | D:11     | Noticed a centaur warrior
 13594 | D:11     | Killed a centaur warrior
 13653 | D:11     | Noticed Nergalle
 14247 | D:11     | Killed from afar by an orc priest

Illustrated notes

Levels and vault maps discovered:
D:1:      evilmike_arrival_come_back, layout_loops_corners, serial_shops, shop,
          minmay_tiny_reverse_x
D:2:      layout_loops_ring, serial_bayou, serial_bayou_pond_d,
          serial_bayou_ford_a, serial_bayou_lagoon_b, serial_bayou_pond_d,
          minmay_hedge_maze, minmay_misc_feat_tower
D:3:      layout_basic, mainiacjoe_overflow_swirl, serial_shops, shop,
          uniq_robin
D:4:      layout_basic, kennysheep_mini_moat
D:5:      kennysheep_slugbush, layout_loops_ring
D:6:      wander_guarded_unrand_ratskin, layout_loops_ring,
          nemelex_spade_bored_becter
D:7:      layout_rooms, kennysheep_orc_sif_temple, minmay_temple_entry_slanted,
          grunt_decor_cap, corexii_hall_statues_x, minmay_misc_feat_diagonals
D:8:      layout_loops_ring, yredelemnul_forgotten_temple_becter, serial_shops,
          nicolae_lakefront_shop
D:9:      layout_rooms, mainiacjoe_overflow_six_doors_small,
          nicolae_vehumet_altar_sigil, minmay_lair_entry_grove,
          ebering_ghost_xom, serial_curves, eino_curves_03, eino_curves_03,
          chequers_serial_rivers_room_a
D:10:     layout_basic, grunt_decor_arrowhead
D:11:     layout_basic, minivault_8, uniq_nergalle
Temple:   eino_narrow_crystal_temple

Skill      XL: |  1  2  3  4  5  6  7  8  9 10 11 |
---------------+----------------------------------+-----
Spellcasting   | 3 4 6 7 8 9 10 11 | 11.1
Hexes          | 4 5 6 7 8 9 10 11 | 11.3
Stealth        | 6 8 9 11 | 11.9
Armour         | 1 2 3 4 |  4.9
Dodging        | 4 6 7 |  7.5
Fighting       | 2 3 4 |  4.3
Short Blades   | 3 5 |  5.9

Action                   |  1- 3 |  4- 6 |  7- 9 | 10-12 || total
-------------------------+-------+-------+-------+-------++-------
Melee: Short sword       |    96 |   108 |   449 |   271 ||   924
       Dagger            |     1 |       |       |       ||     1
Throw: Dart              |       |       |     1 |       ||     1
 Cast: Ensorcelled Hiber |     6 |    25 |    57 |    81 ||   169
       Tukima's Dance    |       |     7 |    15 |     7 ||    29
       Dazzling Flash    |       |       |    16 |    10 ||    26
  Use: Scroll            |     8 |     2 |     8 |     4 ||    22
       Potion            |       |     3 |     3 |     1 ||     7
 Stab: Sleeping          |    10 |    17 |    53 |    49 ||   129
       Invisible         |       |     5 |     7 |     6 ||    18
       Distracted        |       |     1 |     1 |     1 ||     3
Armor: Robe              |     8 |    11 |     3 |       ||    22
       Troll leather arm |       |       |    54 |    25 ||    79
Dodge: Dodged            |    55 |    85 |   348 |   300 ||   788

Table legend: (Time is in decaauts)
 A = Elapsed time spent in this place.
 B = Non-inter-level travel time spent in this place.
 C = Inter-level travel time spent in this place.
 D = Time resting spent in this place.
 E = Time spent auto-exploring this place.
 F = Levels seen in this place.
 G = Mean time per level.
                   A        B        C        D        E       F      G
               +--------+--------+--------+--------+--------+-----+--------+
         Total |  11117 |  10905 |    212 |   2180 |   6285 |  12 |  926.4 |
       Dungeon |  11046 |  10844 |    202 |   2180 |   6231 |  11 | 1004.2 |
        Temple |     71 |     62 |      9 |      0 |     54 |   1 |   71.0 |
               +--------+--------+--------+--------+--------+-----+--------+

Top non-repeatable levels by time:
     D:4: 1665 daAuts
     D:1: 1529 daAuts
     D:3: 1179 daAuts
     D:5: 1121 daAuts
     D:9: 1033 daAuts
     D:2: 1008 daAuts
     D:6: 886 daAuts
     D:8: 802 daAuts
     D:7: 699 daAuts
    D:10: 634 daAuts
    D:11: 485 daAuts
  Temple: 71 daAuts
